 Dungeon Crawl Stone Soup version 0.22-a0-617-g6d95e9e (webtiles) character file.

17 Amnesiac the Magician (level 2, -1/19 HPs)
             Began as a Mummy Earth Elementalist on July 13, 2018.
             Slain by a scorpion (6 damage)
             ... on level 3 of the Dungeon.
             The game lasted 00:01:34 (477 turns).

Amnesiac the Magician (Mummy Earth Elementalist)     Turns: 477, Time: 00:01:35

Health: -1/19      AC:  2    Str: 11    XL:     2   Next: 44%
Magic:  3/6        EV: 12    Int: 14    God:
Gold:   55         SH:  0    Dex: 12    Spells: 4/7 levels left

rFire    x . .     SeeInvis .   a - +0 rapier
rCold    + . .     Gourm    .   (no shield)
rNeg     + + +     Faith    .   c - +0 robe
rPois    ∞         Spirit   .   (no helmet)
rElec    .         Reflect  .   (no cloak)
rCorr    .         Harm     .   (no gloves)
MR       .....                  (no boots)
Stlth    ++........             (no amulet)
HPRegen  0.06/turn              (no ring)
MPRegen  0.10/turn              (no ring)

@: no status effects
A: no food or potions, fire vulnerability, cold resistance 1, negative energy
resistance 3, torment resistance, unbreathing
a: no special abilities


You were on level 3 of the Dungeon.
You were not hungry.

You visited 1 branch of the dungeon, and saw 4 of its levels.

You collected 55 gold pieces.

Inventory:

Hand Weapons
 a - a +0 rapier (weapon)
Missiles
 b - 26 stones (quivered)
Armour
 c - a +0 robe (worn)
Scrolls
 d - a scroll of random uselessness {!r, unknown}
 e - a scroll of remove curse {!r, unknown}


   Skills:
 - Level 1.5 Dodging
 + Level 1.7 Stealth
 - Level 3.0 Spellcasting
 - Level 0.7 Transmutations
 - Level 3.0 Earth Magic


You had 4 spell levels left.
You knew the following spells:

 Your Spells              Type           Power        Failure   Level  Hunger
a - Sandblast             Erth           ##....       6%          1    N/A
b - Passwall              Tmut/Erth      #.......     16%         2    N/A

Your spell library contained the following spells:

 Spells                   Type           Power        Failure   Level  Hunger
 Stone Arrow              Conj/Erth      #.....       34%         3    N/A
 Lee's Rapid Deconstruct  Erth           ##........   86%         5    N/A
 Petrify                  Tmut/Erth      #.......     69%         4    N/A

Dungeon Overview and Level Annotations

Branches:
Dungeon (4/15)
 Temple: D:4-7

Altars:


Innate Abilities, Weirdness & Mutations

You do not eat or drink.
Your flesh is vulnerable to fire.
You are immune to poison.
Your flesh is cold resistant. (rC+)
You are immune to negative energy. (rN+++)
You are immune to unholy pain and torment.
You can survive without breathing.


Message History

HP restored.
There is a stone staircase leading down here.
You climb downwards.
Found 33 gold pieces and a scroll labeled LESHRY PEDWOE.
Found a stone staircase leading down.
There is a stone staircase leading up here.
Found a ration.
You now have 41 gold pieces (gained 19).
You now have 49 gold pieces (gained 8).
e - a scroll labeled LESHRY PEDWOE {!r} You now have 55 gold pieces (gained 6).
There is a stone staircase leading down here.
You climb downwards.
A scorpion comes into view.
There is a stone staircase leading up here.
The scorpion stings you!
There is a stone staircase leading up here.
The scorpion stings you.
* * * LOW HITPOINT WARNING * * *
You climb upwards.
There is a stone staircase leading down here.
A kobold comes into view. It is wielding an enchanted whip.
The kobold shouts!
The kobold throws a stone.
The stone hits you but does no damage.
You see here a stone.
You see here a ration.
A giant cockroach comes into view.
The giant cockroach waves its antennae.
A goblin comes into view.
The goblin shouts!
The giant cockroach barely misses you.
Casting: Sandblast (safe; 6% risk of failure)
Confirm with . or Enter, or press ? or * to list all spells.
Aiming: Sandblast (safe; 6% risk of failure)
Press: ? - help, Shift-Dir - straight line, f - scorpion
Aim: a scorpion The blast of sand hits the scorpion.
The scorpion is lightly wounded.
b - 28 stones The giant cockroach closely misses you.
The giant cockroach bites you but does no damage.
The scorpion closely misses you.
Casting: Sandblast (safe; 6% risk of failure)
Confirm with . or Enter, or press ? or * to list all spells.
Aiming: Sandblast (safe; 6% risk of failure)
Press: ? - help, Shift-Dir - straight line, f/p - scorpion
Aim: a scorpion (lightly wounded)
The blast of sand hits the scorpion.
The scorpion is moderately wounded.
b - 27 stones The giant cockroach bites you.
* * * LOW HITPOINT WARNING * * *
The scorpion stings you but does no damage.
Casting: Sandblast (safe; 6% risk of failure)
Confirm with . or Enter, or press ? or * to list all spells.
Aiming: Sandblast (safe; 6% risk of failure)
Press: ? - help, Shift-Dir - straight line, f/p - scorpion
Aim: a scorpion (lightly wounded)
The blast of sand hits the scorpion.
The scorpion is lightly wounded.
b - 26 stones The giant cockroach bites you but does no damage.
The scorpion stings you.
You die...

#.#.>.....+
#K#.####.##
#.#....# #
#.#<...#+##
#########.##.......
#....%K.(..........
##K######.##.......
#s# #.##....... #@#
#.##....... #s#
#.##....... #g#
#.##....... #.#
#.##....... #..
#.######### ###


You could see a scorpion, a giant cockroach, a goblin and a kobold.

Vanquished Creatures
  An ooze (D:2)
  2 bats
  A giant cockroach (D:2)
  A goblin (D:1)
  A hobgoblin (D:2)
  4 jackals (D:2)
  A rat (D:2)
11 creatures vanquished.

Notes
Turn   | Place    | Note
-------+----------+-------------------------------------------
     0 | D:1      | Amnesiac the Mummy Earth Elementalist began the quest for the Orb.
     0 | D:1      | Reached XP level 1. HP: 13/13 MP: 4/4
   111 | D:2      | Reached XP level 2. HP: 15/19 MP: 0/6
   133 | D:1      | Learned a level 2 spell: Passwall
   454 | D:4      | Noticed a scorpion
   477 | D:3      | Slain by a scorpion

Vault maps used:
D:1:      dpeg_arrival_more_subterranean_lakeside_camping
D:2:      hangedman_abyss_or_decor_stabs
D:3:      uniq_sigmund
D:4:      first_ration, uniq_robin

Skill      XL: |  1  2 |
---------------+-------+-----
Spellcasting   | 3 |  3.0
Earth Magic    | 3 |  3.0
Dodging        | |  1.5
Stealth        | |  1.7
Transmutations | |  0.7

Action                   || total
-------------------------++-------
Melee: Rapier            ||     1
 Cast: Sandblast         ||    18
       Passwall          ||     1
Armor: Robe              ||     6
Dodge: Dodged            ||    11

Table legend:
 A = Spawn XP
 B = Non-spawn XP
 C = Spawn XP percentage of total XP
 D = Spawn monster count
 E = Non-spawn monster count
 F = Spawn count percentage of total count
 G = Total turns spent on level
                    A         B        C        D         E        F      G
               +---------+---------+-------+---------+---------+-------+---------
         Total |       0 |      25 |   0.0 |       0 |      11 |   0.0 |   477
               +---------+---------+-------+---------+---------+-------+---------
           D:1 |       0 |       4 |   0.0 |       0 |       2 |   0.0 |   159
           D:2 |       0 |      21 |   0.0 |       0 |       9 |   0.0 |   269
               +---------+---------+-------+---------+---------+-------+---------
